 Dungeon Crawl Stone Soup version 0.15.0-31-geb66e34 (webtiles) character file.

49 Rhoefr the Fey Formicid (level 4, -6/34 HPs)
             Began as a Formicid Death Knight on Sept 13, 2014.
             Was a Believer of Yredelemnul.
             Killed from afar by Sigmund (9 damage)
             ... with a wand of flame
             ... on Level 2 of the Dungeon.
             The game lasted 00:12:29 (1900 turns).

Rhoefr the Fey Formicid (Formicid Death Knight)     Turns: 1900, Time: 00:12:30

HP  -6/34        AC  3     Str 19      XL: 4   Next:  1%
MP   8/8         EV 11     Int 10      God: Yredelemnul [**....]
Gold 91          SH  0     Dex 10      Spells:  0 memorised,  3 levels left

rFire  . . .     SeeInvis +     a - +1 falchion
rCold  . . .     Clarity  .     b - +0 leather armour
rNeg   . . .     rCorr    .     (no shield)
rPois  .         rRot     .     (helmet unavailable)
rElec  .         Spirit   .     (no cloak)
SustAb .         Warding  .     (no gloves)
rMut   .         Stasis   +     (no boots)
Gourm  .                        (no amulet)
MR     .....                    (no ring)
                                (no ring)

@: not resistant to hostile enchantments, very unstealthy
A: permanent stasis, dig shafts and tunnels, four strong arms, antennae 3
a: Dig, Shaft Self, Animate Remains, Recall Undead Slaves, Injury Mirror,
Renounce Religion


You were on level 2 of the Dungeon.
You worshipped Yredelemnul.
Yredelemnul was pleased with you.
You were hungry.

You visited 1 branch of the dungeon, and saw 2 of its levels.

You collected 91 gold pieces.

Inventory:

Hand weapons
 a - a +1 falchion (weapon)
Armour
 b - a +0 leather armour (worn)
Comestibles
 c - 2 bread rations
 d - 3 fruits
 f - 2 beef jerkies
 i - a meat ration
Potions
 e - a potion of restore abilities {unknown}
 g - a potion of heal wounds {unknown}
 h - a potion of curing {unknown}


   Skills:
 + Level 2.5 Fighting
 + Level 2.6 Long Blades
 + Level 2.1 Armour
 + Level 1.6 Dodging
 - Level 0.3 Stealth
 + Level 3.5 Invocations


You had 3 spell levels left.
You didn't know any spells.

Dungeon Overview and Level Annotations

Branches:
Dungeon (2/15)

Altars:
Ashenzari
Yredelemnul
The Shining One

Annotations:
D:2 Sigmund


Innate Abilities, Weirdness & Mutations

Your are under a permanent stasis effect.
You can dig through walls and to a lower floor.
Your four strong arms can wield two-handed weapons with a shield.
You have a pair of large antennae on your head (SInv).


Message History

Something hits your kobold zombie.
Your kobold zombie is destroyed!
No target in view!
Your bat zombie hits Sigmund.
Your bat zombie hits Sigmund but does no damage.
Your bat zombie closely misses Sigmund.
Sigmund zaps a wand.
The puff of flame misses your bat zombie.
The puff of flame hits you!
* * * LOW HITPOINT WARNING * * *
Your bat zombie hits something but does no damage. x2
Your bat zombie completely misses Sigmund.
Sigmund casts a spell.
Sigmund is suddenly surrounded by pale green light.
Sigmund zaps a wand.
The puff of flame hits you!
* * * LOW HITPOINT WARNING * * *
Sigmund zaps a wand.
The puff of flame misses you.
There is a stone staircase leading down here.
Sigmund zaps a wand.
The puff of flame hits you!
You die...
Your body rises from the dead as a mindless zombie.

#.####### #.####### #......# #
#.# #....Z..# #.#.#..# # #+##
#.#####.# ###%#.#..### ...##
###.#####.# #.....#..{{{ ....##
#.........# #.#.####.### .....##
#.#....#..# #.#..###.##.
......###....#.#..####.#...##.#..
......'.................@.....+..
......###.......@.####.....####..
.....## #.#..###.## ##.#.## ##.
....## #........# #.### ## ...##
####.##### #.# # #'## #.# #.# #.#
#.# #.# #.# #.# ... #.## #.# ...
...## #.#


You could see Sigmund.

Vanquished Creatures
  A giant mite (D:1)
  3 giant geckos
  An ooze (D:2)
  2 giant cockroaches
  5 hobgoblins
  2 bats (D:2)
  4 giant newts
  6 goblins
  3 kobolds
  2 rats (D:1)
29 creatures vanquished.

Vanquished Creatures (collateral kills)
  A giant gecko (D:1)
  2 oozes (D:2)
  2 bats (D:2)
  2 goblins (D:1)
  2 hobgoblins
  A giant newt (D:1)
  A rat (D:2)
11 creatures vanquished.

Vanquished Creatures (others)
  2 bat zombies (D:2)
  A giant newt zombie (D:2)
  A kobold zombie (D:2)
4 creatures vanquished.

Grand Total: 44 creatures vanquished

Notes
Turn   | Place    | Note
--------------------------------------------------------------
     0 | D:1      | Rhoefr, the Formicid Death Knight, began the quest for the Orb.
     0 | D:1      | Reached XP level 1. HP: 16/16 MP: 2/2
    89 | D:1      | Reached skill level 1 in Dodging
   314 | D:1      | Reached XP level 2. HP: 19/22 MP: 5/5
   651 | D:1      | Reached XP level 3. HP: 25/28 MP: 6/6
  1371 | D:2      | Found a glowing golden altar of the Shining One.
  1374 | D:2      | Found a basalt altar of Yredelemnul.
  1374 | D:2      | Found a shattered altar of Ashenzari.
  1474 | D:2      | Acquired Yredelemnul's second power
  1852 | D:2      | Reached XP level 4. HP: 34/34 MP: 8/8
  1859 | D:2      | Noticed Sigmund
  1900 | D:2      | Killed from afar by Sigmund

Action                   |  1- 3 |  4- 6 || total
-------------------------+-------+-------++-------
Melee: Falchion          |   125 |       ||   125
Invok: Animate Remains   |     5 |     1 ||     6
  Use: Scroll            |     1 |       ||     1
 Stab: Distracted        |     1 |       ||     1
  Eat: Chunk             |     3 |       ||     3
